[ AOE2 MATCH · #504746882 ]
UnrankedDravidians vs Maya
Player's team · WIN
Rival team · LOSS
[ REPLAY ANALYSIS · EXTRACTED FROM THE RECORDED GAME ]
Feudal
10:37
Castle
—
Imperial
—
| APM avg | 44.1 |
| APM peak | 103 |
| eAPM avg | 21.8 |
| Villagers / military | 66 / 33 |
Focus
⚔️ 38.9% · 🌾 61.1%
Archer ×23 · Skirmisher ×7 · Fishing Ship ×5 · Fire Galley ×2 · Galley ×1
Feudal
9:55
Castle
—
Imperial
—
| APM avg | 52.0 |
| APM peak | 92 |
| eAPM avg | 19.7 |
| Villagers / military | 70 / 35 |
Focus
⚔️ 35.2% · 🌾 64.8%
Archer ×23 · Eagle Scout ×11 · Fire Galley ×1
Match map
Initial resources + every placement click. Lines = walls · curves = elevation contours. ◆ gold · ⬟ stone · ● berries · ✦ relic · ◌ wall gap
Your base· Open — unwalled flank
DK | Mauseren's base· Open — unwalled flank
Smoothed initial terrain · ◌ = detected wall gap · hover for details
Inputs per minute
— MatzeAoE - - DK | Mauseren
Build order — MatzeAoE
First 150 of 161 actions detected
| 0:00 | Create | Villager (Male) |
| 0:01 | Create | Villager (Male) |
| 0:02 | Build | House |
| 0:04 | Build | House |
| 0:12 | Create | Villager (Male) |
| 0:13 | Create | Villager (Male) |
| 1:26 | Create | Villager (Male) |
| 1:53 | Create | Villager (Male) |
| 2:18 | Build | Mill |
| 2:21 | Create | Villager (Male) |
| 2:37 | Create | Villager (Male) |
| 3:18 | Create | Villager (Male) |
| 3:39 | Build | House |
| 3:44 | Create | Villager (Male) |
| 4:03 | Create | Villager (Male) |
| 4:04 | Create | Villager (Male) |
| 4:32 | Build | Lumber Camp |
| 5:01 | Create | Villager (Male) |
| 5:24 | Create | Villager (Male) |
| 5:45 | Create | Villager (Male) |
| 5:47 | Create | Villager (Male) |
| 5:51 | Create | Villager (Male) |
| 5:59 | Build | House |
| 6:09 | Create | Villager (Male) |
| 6:27 | Create | Villager (Male) |
| 6:30 | Research | Loom |
| 7:04 | Create | Villager (Male) |
| 7:23 | Create | Villager (Male) |
| 7:33 | Create | Villager (Male) |
| 7:39 | Create | Villager (Male) |
| 7:39 | Create | Villager (Male) |
| 7:40 | Create | Villager (Male) |
| 7:47 | Create | Villager (Male) |
| 8:02 | Create | Villager (Male) |
| 8:03 | Create | Villager (Male) |
| 8:04 | Create | Villager (Male) |
| 8:06 | Create | Villager (Male) |
| 8:09 | Create | Villager (Male) |
| 8:27 | Research | Feudal Age |
| 9:09 | Create | Villager (Male) |
| 9:42 | Create | Villager (Male) |
| 10:19 | Create | Villager (Male) |
| 10:37 | Age | Feudal Age |
| 11:17 | Build | House |
| 11:20 | Create | Villager (Male) |
| 11:44 | Build | Dock |
| 11:56 | Create | Villager (Male) |
| 13:05 | Create | Fishing Ship |
| 13:06 | Build | House |
| 13:43 | Create | Fishing Ship |
| 13:44 | Build | House |
| 13:44 | Create | Villager (Male) |
| 13:47 | Build | Fish Trap |
| 14:21 | Create | Villager (Male) |
| 14:22 | Create | Villager (Male) |
| 14:33 | Build | Watch Tower |
| 14:36 | Create | Villager (Male) |
| 14:43 | Build | Fish Trap |
| 15:12 | Build | Lumber Camp |
| 15:20 | Create | Villager (Male) |
| 15:31 | Create | Villager (Male) |
| 15:35 | Build | Watch Tower |
| 15:37 | Create | Villager (Male) |
| 15:44 | Build | Farm |
| 15:52 | Build | Farm |
| 16:18 | Create | Villager (Male) |
| 16:39 | Build | Palisade Wall |
| 16:39 | Build | Palisade Wall |
| 16:40 | Build | Palisade Wall |
| 16:41 | Build | Palisade Wall |
| 17:02 | Build | Lumber Camp |
| 17:09 | Build | Farm |
| 17:10 | Build | Farm |
| 17:13 | Create | Villager (Male) |
| 17:25 | Build | Farm |
| 17:30 | Create | Villager (Male) |
| 17:32 | Create | Fishing Ship |
| 17:37 | Build | Farm |
| 17:45 | Build | House |
| 17:48 | Build | House |
| 17:56 | Build | Mining Camp |
| 17:58 | Create | Villager (Male) |
| 18:20 | Build | Fish Trap |
| 18:33 | Build | House |
| 18:33 | Create | Villager (Male) |
| 18:38 | Create | Villager (Male) |
| 18:47 | Create | Fire Galley |
| 18:55 | Create | Galley |
| 18:56 | Create | Villager (Male) |
| 19:00 | Build | Farm |
| 19:03 | Build | Farm |
| 19:48 | Create | Villager (Male) |
| 19:50 | Build | Fish Trap |
| 19:51 | Build | Fish Trap |
| 20:01 | Build | Barracks |
| 20:08 | Create | Villager (Male) |
| 20:36 | Research | Double-Bit Axe |
| 20:46 | Create | Villager (Male) |
| 21:03 | Build | Archery Range |
| 21:07 | Create | Villager (Male) |
| 21:31 | Create | Fishing Ship |
| 21:35 | Create | Villager (Male) |
| 21:39 | Build | Archery Range |
| 21:53 | Create | Skirmisher |
| 22:06 | Create | Villager (Male) |
| 22:18 | Build | Blacksmith |
| 22:20 | Create | Villager (Male) |
| 22:28 | Create | Skirmisher |
| 22:31 | Create | Archer |
| 22:31 | Create | Archer |
| 22:48 | Build | Fish Trap |
| 22:49 | Create | Fishing Ship |
| 22:56 | Create | Skirmisher |
| 22:58 | Create | Archer |
| 23:00 | Create | Villager (Male) |
| 23:04 | Research | Fletching |
| 23:24 | Create | Villager (Male) |
| 23:47 | Create | Archer |
| 23:47 | Create | Archer |
| 23:50 | Research | Padded Archer Armor |
| 23:53 | Create | Villager (Male) |
| 23:56 | Build | Mining Camp |
| 24:01 | Build | Archery Range |
| 24:03 | Build | Archery Range |
| 24:08 | Create | Villager (Male) |
| 24:13 | Create | Fire Galley |
| 24:21 | Create | Archer |
| 24:21 | Create | Archer |
| 24:21 | Create | Archer |
| 24:32 | Create | Villager (Male) |
| 24:33 | Create | Archer |
| 24:47 | Build | House |
| 24:48 | Build | House |
| 24:51 | Create | Archer |
| 24:51 | Create | Archer |
| 25:10 | Create | Villager (Male) |
| 25:16 | Create | Archer |
| 25:17 | Create | Archer |
| 25:24 | Build | Mining Camp |
| 25:29 | Build | Farm |
| 25:31 | Create | Villager (Male) |
| 25:59 | Create | Villager (Male) |
| 26:13 | Create | Archer |
| 26:20 | Create | Skirmisher |
| 26:20 | Create | Skirmisher |
| 26:20 | Create | Skirmisher |
| 26:20 | Create | Skirmisher |
| 26:27 | Build | House |
| 26:27 | Build | House |
| 26:28 | Build | House |
Build order — DK | Mauseren
First 150 of 153 actions detected
| 0:02 | Create | Villager (Male) |
| 0:02 | Create | Villager (Male) |
| 0:03 | Build | House |
| 0:04 | Build | House |
| 0:23 | Create | Villager (Male) |
| 1:12 | Create | Villager (Male) |
| 1:40 | Create | Villager (Male) |
| 2:07 | Create | Villager (Male) |
| 2:41 | Create | Villager (Male) |
| 2:44 | Build | Mill |
| 3:07 | Create | Villager (Male) |
| 3:07 | Create | Villager (Male) |
| 3:52 | Create | Villager (Male) |
| 4:23 | Create | Villager (Male) |
| 4:24 | Create | Villager (Male) |
| 4:26 | Create | Villager (Male) |
| 4:28 | Build | House |
| 5:11 | Create | Villager (Male) |
| 5:20 | Create | Villager (Male) |
| 5:26 | Build | House |
| 6:06 | Create | Villager (Male) |
| 6:18 | Build | Lumber Camp |
| 6:50 | Research | Loom |
| 7:20 | Create | Villager (Male) |
| 7:35 | Research | Feudal Age |
| 8:05 | Build | Barracks |
| 8:29 | Create | Villager (Male) |
| 8:32 | Create | Villager (Male) |
| 9:06 | Create | Villager (Male) |
| 9:09 | Create | Villager (Male) |
| 9:10 | Create | Villager (Male) |
| 9:12 | Create | Villager (Male) |
| 9:14 | Create | Villager (Male) |
| 9:35 | Build | Palisade Wall |
| 9:38 | Build | Palisade Wall |
| 9:55 | Age | Feudal Age |
| 10:30 | Create | Villager (Male) |
| 11:01 | Create | Villager (Male) |
| 11:09 | Create | Villager (Male) |
| 11:47 | Create | Villager (Male) |
| 12:14 | Create | Villager (Male) |
| 12:49 | Create | Villager (Male) |
| 13:29 | Create | Villager (Male) |
| 13:48 | Build | Archery Range |
| 14:05 | Create | Villager (Male) |
| 14:12 | Create | Villager (Male) |
| 14:17 | Create | Archer |
| 14:20 | Create | Villager (Male) |
| 14:29 | Build | House |
| 14:30 | Build | House |
| 14:41 | Create | Eagle Scout |
| 14:45 | Create | Archer |
| 14:49 | Build | Mining Camp |
| 14:50 | Create | Villager (Male) |
| 15:19 | Build | Farm |
| 15:28 | Build | Farm |
| 15:34 | Create | Archer |
| 15:43 | Build | Farm |
| 16:02 | Create | Archer |
| 16:22 | Create | Archer |
| 16:42 | Create | Villager (Male) |
| 16:52 | Create | Archer |
| 17:09 | Create | Villager (Male) |
| 17:13 | Build | Farm |
| 17:14 | Build | House |
| 17:25 | Build | Farm |
| 17:41 | Build | Watch Tower |
| 17:53 | Build | House |
| 17:56 | Build | Blacksmith |
| 17:57 | Create | Villager (Male) |
| 18:06 | Create | Archer |
| 18:17 | Build | Farm |
| 18:19 | Build | Farm |
| 18:23 | Create | Villager (Male) |
| 18:51 | Build | Farm |
| 18:52 | Create | Villager (Male) |
| 18:53 | Build | Farm |
| 18:57 | Create | Archer |
| 18:59 | Create | Archer |
| 19:10 | Build | House |
| 19:25 | Create | Villager (Male) |
| 19:26 | Create | Archer |
| 19:45 | Create | Villager (Male) |
| 19:52 | Build | Farm |
| 19:58 | Create | Villager (Male) |
| 20:06 | Build | Mining Camp |
| 20:15 | Research | Fletching |
| 20:17 | Create | Archer |
| 20:36 | Create | Villager (Male) |
| 20:59 | Create | Villager (Male) |
| 21:02 | Create | Villager (Male) |
| 21:10 | Build | House |
| 21:10 | Build | House |
| 21:12 | Create | Archer |
| 21:22 | Create | Villager (Male) |
| 21:30 | Create | Archer |
| 21:35 | Create | Villager (Male) |
| 21:47 | Create | Villager (Male) |
| 21:56 | Build | Farm |
| 22:00 | Build | Farm |
| 22:01 | Build | Farm |
| 22:16 | Create | Villager (Male) |
| 22:16 | Create | Archer |
| 22:21 | Create | Villager (Male) |
| 22:31 | Create | Eagle Scout |
| 22:33 | Create | Villager (Male) |
| 22:36 | Create | Villager (Male) |
| 22:54 | Build | Watch Tower |
| 22:55 | Create | Villager (Male) |
| 22:57 | Create | Villager (Male) |
| 23:05 | Create | Villager (Male) |
| 23:20 | Create | Archer |
| 23:21 | Create | Eagle Scout |
| 23:42 | Create | Eagle Scout |
| 23:46 | Create | Eagle Scout |
| 23:50 | Build | Dock |
| 23:56 | Build | Mining Camp |
| 23:56 | Create | Villager (Male) |
| 23:57 | Create | Archer |
| 24:09 | Create | Villager (Male) |
| 24:10 | Create | Archer |
| 24:12 | Create | Villager (Male) |
| 24:12 | Create | Villager (Male) |
| 24:25 | Research | Scale Mail Armor |
| 24:25 | Create | Villager (Male) |
| 24:26 | Create | Archer |
| 24:34 | Create | Eagle Scout |
| 24:37 | Create | Villager (Male) |
| 24:40 | Build | Barracks |
| 24:46 | Create | Villager (Male) |
| 25:04 | Create | Archer |
| 25:20 | Create | Archer |
| 25:24 | Create | Eagle Scout |
| 25:26 | Create | Villager (Male) |
| 25:27 | Create | Archer |
| 25:38 | Create | Villager (Male) |
| 25:50 | Build | House |
| 25:54 | Create | Villager (Male) |
| 26:07 | Build | House |
| 26:12 | Create | Archer |
| 26:17 | Build | House |
| 26:22 | Create | Eagle Scout |
| 26:23 | Create | Villager (Male) |
| 26:45 | Create | Fire Galley |
| 26:46 | Create | Villager (Male) |
| 26:54 | Create | Archer |
| 27:12 | Build | Watch Tower |
| 27:13 | Create | Villager (Male) |
| 27:26 | Create | Villager (Male) |
| 28:00 | Create | Eagle Scout |
Match timeline
| 8:05 | DK | Mauseren · first_building Barracks |
| 9:35 | DK | Mauseren · wall_segment Palisade Wall x1 |
| 9:38 | DK | Mauseren · wall_segment Palisade Wall x1 |
| 9:55 | DK | Mauseren · age_up feudal |
| 10:37 | MatzeAoE · age_up feudal |
| 11:44 | MatzeAoE · first_building Dock |
| 13:48 | DK | Mauseren · first_building Archery Range |
| 16:39 | MatzeAoE · wall_segment Palisade Wall x1 |
| 16:39 | MatzeAoE · wall_segment Palisade Wall x1 |
| 16:40 | MatzeAoE · wall_segment Palisade Wall x1 |
| 16:41 | MatzeAoE · wall_segment Palisade Wall x1 |
| 20:01 | MatzeAoE · first_building Barracks |
| 21:03 | MatzeAoE · first_building Archery Range |
| 23:50 | DK | Mauseren · first_building Dock |
| 28:49 | DK | Mauseren · resign |
[ AI ANALYSIS · 1 CREDIT ]
What really happened in this match?
Wolo.gg analyzes every decision: build order, eco, micro, common mistakes by bracket. Personalized analysis on WhatsApp or Discord in 30 seconds.
Civ guide
Dravidians
Perfil
Matze (MatzeAoE)